 Dungeon Crawl Stone Soup version 0.26.1-2-gb8aa6d0cf2 (webtiles) character file.

Game seed: 13689699830197838554

170 promet the Ogre Mage (level 5, -5/48 HPs)
             Began as an Ogre Hedge Wizard on Feb 16, 2021.
             Was a Follower of Cheibriados.
             Slain by an ice beast (9 damage)
             ... on level 4 of the Dungeon.
             The game lasted 00:34:35 (4839 turns).

promet the Ogre Mage (Ogre Hedge Wizard)            Turns: 4839, Time: 00:34:37

Health: -5/48      AC:  3    Str: 16    XL:     5   Next: 51%
Magic:  3/12       EV: 10    Int: 18    God:    Cheibriados [*.....]
Gold:   246        SH:  0    Dex: 10    Spells: 7/14 levels left

rFire    . . .     SeeInvis .   a - +0 dagger
rCold    . . .     Faith    .   (no shield)
rNeg     . . .     Spirit   .   f - +0 robe
rPois    .         Reflect  .   c - +0 hat
rElec    .         Harm     .   (no cloak)
rCorr    .         Rampage  .   (gloves unavailable)
Will     .....                  (boots unavailable)
Stlth    ++........             (no amulet)
HPRegen  0.16/turn              (no ring)
MPRegen  0.13/turn              (no ring)

@: very slightly contaminated, very slow
A: large, unfitting armour, tough skin 1
a: Renounce Religion, Bend Time


You were on level 4 of the Dungeon.
You worshipped Cheibriados.
Cheibriados was aware of your devotion.
You visited 1 branch of the dungeon, and saw 4 of its levels.

You collected 246 gold pieces.

Inventory:

Hand Weapons
 a - a +0 dagger (weapon)
 b - a +1 hunting sling
 n - a +0 spear
Missiles
 d - 25 poisoned darts (quivered)
 e - 26 sling bullets
 g - 78 stones
 l - 45 bolts
Armour
 c - a +0 hat (worn)
 f - a +0 robe (worn)
Magical Staves
 m - an uncursed staff of poison
Jewellery
 i - an uncursed amulet of faith
Scrolls
 h - 5 scrolls of remove curse
 k - 2 scrolls of teleportation
Potions
 j - a potion of berserk rage
 o - a potion of haste {unknown}
 p - a potion of heal wounds


   Skills:
 + Level 1.1 Fighting
 + Level 0.6 Short Blades
 + Level 0.1 Polearms
 + Level 0.1 Staves
 + Level 0.7 Slings
 + Level 2.3 Dodging
 + Level 1.5 Stealth
 + Level 5.3 Spellcasting
 + Level 1.5 Conjurations
 + Level 1.6 Summonings
 + Level 0.8 Translocations


You had 7 spell levels left.
You knew the following spells:

 Your Spells              Type           Power        Failure   Level
a - Magic Dart            Conj           40%          7%          1
b - Blink                 Tloc           N/A          14%         2
c - Call Imp              Summ           10%          10%         2
d - Slow                  Hex            4%           19%         2

Your spell library contained the following spells:

 Spells                   Type           Power        Failure   Level
 Conjure Flame            Conj/Fire      7%           28%         3
 Mephitic Cloud           Conj/Pois/Air  6%           30%         3


Dungeon Overview and Level Annotations

Branches:
Dungeon (4/15)
 Temple: D:4-7

Altars:
Cheibriados
Gozag
Makhleb
Wu Jian


Innate Abilities, Weirdness & Mutations

You are too large for most types of armour.
You have tough skin. (AC +1)


Message History

The ice beast freezes you!
* * * LOW HITPOINT WARNING * * *
Your crimson imp hits the ice beast but does no damage.
You hit the ice beast but do no damage.
The ice beast is severely wounded.
Your crimson imp closely misses the ice beast.
The ice beast misses you.
Your crimson imp hits the ice beast but does no damage.
You hit the ice beast but do no damage.
The ice beast is severely wounded.
Your crimson imp hits the ice beast.
The ice beast hits you but does no damage.
You closely miss the ice beast.
The ice beast is severely wounded.
Your crimson imp blinks!
Your crimson imp hits the ice beast but does no damage.
The ice beast hits you.
* * * LOW HITPOINT WARNING * * *
The ice beast freezes you!
You die...

#.### #.#.. #.#.#
####### #.#)# ......#
#.#.# )....# #.#.#
#..###.#.# #
#..5.§...# $#
#..@Y..#.#####..####
#..####.............
.#####.†#
#..####...####
....5...# #..# .#.#
##..###.####55###..5.#
###..###...........#..
..............###...##
##..#########.# ##
#..#########.#


You could see an ice beast and 2 friendly crimson imps.

Vanquished Creatures
  A centaur skeleton (D:4)
  3 adders
  A worm (D:3)
  2 dart slugs (D:1)
  A leopard gecko (D:1)
  2 orcs (D:3)
  7 bats
  3 giant cockroaches
  6 goblins
  6 hobgoblins
  2 quokkas
  A ball python (D:2)
  5 frilled lizards
  3 kobolds
  4 rats
47 creatures vanquished.

Vanquished Creatures (collateral kills)
  A centaur skeleton (D:4)
  Robin (D:2)
  2 adders (D:2)
  2 worms
  A dart slug (D:2)
  A leopard gecko (D:2)
  5 orcs
  2 bats (D:2)
  6 goblins (D:2)
  4 hobgoblins
  A jackal (D:2)
  3 kobolds
  A frilled lizard (D:4)
30 creatures vanquished.

Grand Total: 77 creatures vanquished

Notes
Turn   | Place    | Note
-------+----------+-------------------------------------------
     0 | D:1      | promet the Ogre Hedge Wizard began the quest for the Orb.
     0 | D:1      | Reached XP level 1. HP: 16/16 MP: 5/5
   280 | D:1      | Reached XP level 2. HP: 24/24 MP: 6/6
   293 | D:1      | Reached skill level 4 in Spellcasting
   304 | D:1      | Reached skill level 1 in Conjurations
   930 | D:2      | Noticed Robin
   993 | D:1      | Learned a level 2 spell: Blink
   996 | D:1      | Learned a level 2 spell: Call Imp
  1064 | D:2      | Reached XP level 3. HP: 23/31 MP: 6/9
  1702 | D:2      | Reached XP level 4. HP: 21/39 MP: 3/10
  2047 | D:2      | Reached skill level 1 in Summonings
  2425 | D:2      | Reached skill level 5 in Spellcasting
  2708 | D:2      | Learned a level 2 spell: Slow
  2887 | D:2      | Found an opulent altar of Gozag.
  2887 | D:2      | Found a burning altar of Makhleb.
  2887 | D:2      | Found a snail-covered altar of Cheibriados.
  2907 | D:2      | Became a worshipper of Cheibriados the Contemplative
  3040 | D:2      | Killed Robin
  3169 | D:3      | Found an ornate altar of the Wu Jian Council.
  3705 | D:3      | Reached XP level 5. HP: 33/46 MP: 8/12
  4416 | D:4      | Reached skill level 1 in Fighting
  4800 | D:4      | Reached * piety under Cheibriados
  4804 | D:4      | Noticed an ice beast
  4839 | D:4      | Slain by an ice beast

Illustrated notes

Levels and vault maps discovered:
D:1:      amcnicky_arrival_double_pillar, layout_basic
D:2:      minmay_wonky_spiral, layout_basic, gammafunk_temple_overflow_claw,
          minmay_ruptured, uniq_robin
D:3:      layout_rooms, nzn_wu_jian_council_hall, hex_medium
D:4:      cheibrodos_old_hovel, layout_loops_ring,
          minmay_temple_entry_from_below_a

Skill      XL: |  1  2  3  4  5 |
---------------+----------------+-----
Dodging        | 2 |  2.3
Spellcasting   | 4 5 |  5.3
Conjurations   | 1 |  1.5
Summonings     | 1 |  1.6
Fighting       | 1 |  1.1
Short Blades   | |  0.6
Polearms       | |  0.1
Staves         | |  0.1
Slings         | |  0.7
Stealth        | |  1.5
Translocations | |  0.8

Action                   |  1- 3 |  4- 6 || total
-------------------------+-------+-------++-------
Melee: Dagger            |    54 |    90 ||   144
       Staff             |       |    12 ||    12
       Spear             |       |     4 ||     4
 Fire: Hunting sling     |     4 |    10 ||    14
 Cast: Magic Dart        |    37 |    35 ||    72
       Call Imp          |     9 |    40 ||    49
       Slow              |       |     1 ||     1
       Blink             |       |     1 ||     1
  Use: Scroll            |     5 |     5 ||    10
       Potion            |     2 |     2 ||     4
 Stab: Sleeping          |     3 |     2 ||     5
       Distracted        |       |     1 ||     1
Armor: Robe              |    28 |    21 ||    49
Dodge: Dodged            |    55 |    77 ||   132
